 Dungeon Sprint DCSS version 0.23.0-28-g6fe0f4d (webtiles) character file.

Game seed: 16173186563079303471

3247 Fang the Fighter (level 9, -2/69 HPs)
             Began as a Gargoyle Berserker on Feb 25, 2019.
             Was the Champion of Trog.
             Slain by a flayed ghost (19 damage)
             ... summoned by a mummy priest
             ... in the Dungeon (Sprint V: "Ziggurat Sprint").
             The game lasted 00:02:38 (1076 turns).

Fang the Fighter (Gargoyle Berserker)               Turns: 1076, Time: 00:02:39

Health: -2/69      AC: 15    Str: 34    XL:     9   Next: 99%
Magic:  9/9        EV: 12    Int:  9    God:    Trog [******]
Gold:   0          SH:  0    Dex: 10    Spells: 8/8 levels left

rFire    + + .     SeeInvis .   k - +5 executioner's axe
rCold    + . .     Gourm    .   (shield currently unavailable)
rNeg     + . .     Faith    .   j - +5 gold dragon scales
rPois    ∞         Spirit   .   (no helmet)
rElec    +         Reflect  .   (no cloak)
rCorr    .         Harm     .   C - +2 pair of gloves {Str+3}
MR       .....     NoTele   +   (no boots)
Stlth    ..........             (no amulet)
HPRegen  0.21/turn              D - +6 ring of strength
MPRegen  0.11/turn              b - ring of the Octopus King {rF+ AC+1 EV+1 Str+1 Int+1 Dex+1}

@: corroded, berserk cooldown, slowed, studying Throwing, very slow
A: negative energy resistance 1, electricity resistance, unbreathing,
petrification resistance, rot immunity, AC +6
a: Berserk, Trog's Hand, Brothers in Arms, Renounce Religion


You were in the Dungeon.
You worshipped Trog.
Trog was exalted by your worship.
You were not hungry.

You visited 1 branch

Inventory:

Hand Weapons
 k - a +5 executioner's axe (weapon)
Armour
 j - +5 gold dragon scales (worn)
 z - a +10 plate armour of ponderousness
 C - a +2 pair of gloves of strength (worn)
 F - the +4 chain mail of Sulocveo {rC+ Int+3}
   (You found it in the Dungeon)

   It affects your intelligence (+3).
   It protects you from cold.
 H - the +4 ring mail of the Kettle-Drum {Dex+4}
   (You found it in the Dungeon)

   It affects your dexterity (+4).
Jewellery
 a - an uncursed ring of protection from magic
 b - a ring of the Octopus King (right hand) {rF+ AC+1 EV+1 Str+1 Int+1 Dex+1}
   (You found it in the Dungeon)

   [ring of protection from fire]

   It affects your AC (+1).
   It affects your evasion (+1).
   It affects your strength (+1).
   It affects your intelligence (+1).
   It affects your dexterity (+1).
   It protects you from fire.
 B - an uncursed ring of see invisible
 D - a +6 ring of strength (left hand)
 E - a +6 ring of strength
 G - the ring "Wiolyar" {Ice Int+2}
   (You found it in the Dungeon)

   [ring of ice]

   It enhances your ice magic.
   It affects your intelligence (+2).
   It makes you vulnerable to fire.
   It protects you from cold.
Wands
 w - a wand of disintegration (7)
 x - a wand of iceblast (7)
 y - a wand of acid (7)
Scrolls
 i - 4 scrolls of blinking
 l - 7 scrolls of fog
 m - a scroll of holy word
 n - 5 scrolls of identify
 o - 5 scrolls of remove curse
 p - 2 scrolls of fear
Potions
 d - 10 potions of curing
 e - 9 potions of heal wounds
 f - 6 potions of haste
 g - 7 potions of magic
 h - 3 potions of berserk rage
 q - 2 potions of brilliance
 r - 2 potions of invisibility
 s - 4 potions of resistance
 t - a potion of experience
 u - 6 potions of agility
 v - 6 potions of might
Books
 A - a manual of Throwing
Comestibles
 c - 6 rations


   Skills:
 + Level 14.0 Fighting
   Level 3.0 Maces & Flails
 + Level 13.9 Armour
 + Level 11.1 Dodging


You had 8 spell levels left.
You didn't know any spells.
Your spell library was empty.

Dungeon Overview and Level Annotations

Branches:
Dungeon (1/1)

Altars:
Ashenzari
Cheibriados
Dithmenos
Elyvilon
Fedhas
Gozag
Hepliaklqana
Kikubaaqudgha
Makhleb
Nemelex Xobeh
Okawaru
Qazlal
Ru
Sif Muna
Trog
Uskayaw
Vehumet
Wu Jian
Xom
Yredelemnul
Zin
The Shining One
Beogh
Jiyva
Lugonu

Annotations:
D 1 transporter


Innate Abilities, Weirdness & Mutations

You are resistant to torment.
Your stone body is resilient. (AC +6)
You are immune to poison.
You resist negative energy. (rN+)
You are resistant to electric shocks. (rElec)
You can survive without breathing.
You are immune to petrification.
You are immune to rotting.


Message History

The mummy misses you. The rust devil hits you. The rust devil corrodes you!
The smoke demon gestures at you. The sticky flame misses you.
The sticky flame misses the guardian mummy.
The guardian mummy hits you but does no damage.
Unknown command.
You feel much better.
The flying skull hits you but does no damage.
The flayed ghost hits you but does no damage.
The chaos spawn barely misses you. The rust devil hits you.
The rust devil corrodes you! The flying skull closely misses you.
The smoke demon gestures at you. Something smites you!
The mummy priest invokes the aid of its god against you.
Something smites you!
* * * LOW HITPOINT WARNING * * *
Your cyclops closely misses the chaos spawn.
The guardian mummy closely misses you. The mummy barely misses you.
The flayed ghost hits you!!
You die...

▓▓▓▓▓▓▓▓▓▓▓▓▓▓▓▓▓▓▓
▓...8©8...▓..8©8..▓
▓..[))")..▓..}))..▓
▓....[)...▓....|..▓
▓.........▓.......▓
▓.........▓..)....▓
▓...ZM....▓..).)..▓
▓...W4M...▓.......▓
▓.▓Mz@4.▓.▓.......▓
▓...3©MC..▓...©...▓
▓▓▓▓▓▓▓▓▓▓▓▓▓▓▓▓▓▓▓


You could see a mummy priest, a flayed ghost, a guardian mummy, a rust devil, a
smoke demon, a chaos spawn, a flying skull, 2 mummies, a leopard gecko skeleton
and a friendly cyclops (berserk).

Vanquished Creatures
  A deep elf knight (D)
  A deep elf mage (D)
  A guardian serpent (shapeshifter) (D)
  A naga mage (D)
  A black mamba (D)
  A slime creature (D)
  An ushabti (D)
  A golden eye (D)
  2 nagas (D)
  2 water moccasins (D)
  An eye of draining (D)
  A crimson imp (D)
  4 jellies (D)
  A quasit (D)
  An iguana (D)
  A mummy (D)
  2 adders (D)
  A river rat (D)
  An ufetubus (D)
  2 oozes (D)
  2 adder skeletons (D)
  An adder zombie (D)
  4 bat zombies (D)
  3 jackals (D)
  A ball python (D)
  A ball python zombie (D)
39 creatures vanquished.

Vanquished Creatures (collateral kills)
  A naga (D)
1 creature vanquished.

Grand Total: 40 creatures vanquished

Notes
Turn   | Place    | Note
-------+----------+-------------------------------------------
     0 | D        | Found the +6 Majin-Bo {vamp, Archmagi MP+6 Int+6}
     0 | D        | Found the +7 great mace "Firestarter" {inner flame, rF++}
     0 | D        | Fang the Gargoyle Berserker began the quest for the Orb.
     0 | D        | Reached XP level 1. HP: 14/14 MP: 1/1
     3 | D        | Found a blossoming altar of Fedhas.
     4 | D        | Found a viscous altar of Jiyva.
     4 | D        | Found a hazy altar of Hepliaklqana.
     4 | D        | Found a transporter.
     4 | D        | Found an opulent altar of Gozag.
     4 | D        | Found an ancient bone altar of Kikubaaqudgha.
     4 | D        | Found a corrupted altar of Lugonu.
     8 | D        | Found a burning altar of Makhleb.
     9 | D        | Found a sacrificial altar of Ru.
     9 | D        | Found a stormy altar of Qazlal.
     9 | D        | Found a deep blue altar of Sif Muna.
     9 | D        | Found an iron altar of Okawaru.
     9 | D        | Found a bloodstained altar of Trog.
     9 | D        | Found a sparkling altar of Nemelex Xobeh.
    52 | D        | Entered arena 2.
    52 | D        | Noticed a slime creature
    52 | D        | Found a transporter.
    60 | D        | Killed a slime creature
    60 | D        | Reached skill level 7 in Fighting
    60 | D        | Reached skill level 5 in Dodging
    60 | D        | Reached XP level 2. HP: 25/25 MP: 2/2
    60 | D        | Reached XP level 3. HP: 29/29 MP: 3/3
    60 | D        | Reached XP level 4. HP: 35/35 MP: 4/4
    60 | D        | Reached XP level 5. HP: 39/39 MP: 5/5
   106 | D        | Entered arena 3.
   106 | D        | Noticed a guardian serpent
   106 | D        | Noticed a deep elf mage
   106 | D        | Noticed a deep elf knight
   106 | D        | Found a transporter.
   110 | D        | Killed a guardian serpent
   110 | D        | Reached ** piety under Trog
   110 | D        | Reached skill level 10 in Fighting
   110 | D        | Reached XP level 6. HP: 48/48 MP: 6/6
   110 | D        | Reached XP level 7. HP: 52/52 MP: 7/7
   116 | D        | Killed a deep elf knight
   116 | D        | Reached skill level 11 in Fighting
   116 | D        | Reached XP level 8. HP: 60/60 MP: 8/8
   117 | D        | Killed a deep elf mage
   117 | D        | Reached *** piety under Trog
   117 | D        | Reached skill level 12 in Fighting
   196 | D        | Entered arena 4.
   196 | D        | Found a transporter.
   197 | D        | Found the ring of the Octopus King {rF+ AC+1 EV+1 Str+1
                  | Int+1 Dex+1}
   205 | D        | Reached **** piety under Trog
   205 | D        | Reached XP level 9. HP: 61/66 MP: 9/9
   218 | D        | Got a ring of the Octopus King {rF+ AC+1 EV+1 Str+1 Int+1
                  | Dex+1}
   224 | D        | Entered arena 5.
   224 | D        | Found a transporter.
   229 | D        | Reached ***** piety under Trog
   229 | D        | Received a gift from Trog
   251 | D        | Entered arena 6.
   251 | D        | Found a transporter.
   270 | D        | Entered arena 7.
   271 | D        | Found a transporter.
   275 | D        | Received a gift from Trog
   295 | D        | Got the +4 chain mail of Sulocveo {rC+ Int+3}
   297 | D        | Entered arena 8.
   297 | D        | Noticed a black mamba
   297 | D        | Noticed a naga mage
   298 | D        | Found a transporter.
   305 | D        | Reached skill level 10 in Dodging
   307 | D        | Killed a naga mage
   307 | D        | Reached ****** piety under Trog
   307 | D        | Reached skill level 13 in Fighting
   315 | D        | Killed a black mamba
   331 | D        | Got the ring "Wiolyar" {Ice Int+2}
   333 | D        | Got the +4 ring mail of the Kettle-Drum {Dex+4}
   578 | D        | Entered arena 9.
   580 | D        | Found a transporter.
   585 | D        | Received a gift from Trog
  1063 | D        | Entered arena 10.
  1063 | D        | Noticed a guardian mummy
  1063 | D        | Noticed a mummy priest
  1065 | D        | Noticed a hellwing
  1065 | D        | Noticed a red devil
  1065 | D        | Found a transporter.
  1068 | D        | Noticed a rust devil
  1069 | D        | Noticed a flayed ghost
  1071 | D        | Noticed a smoke demon
  1073 | D        | Reached skill level 14 in Fighting
  1074 | D        | Received a gift from Trog
  1076 | D        | Slain by a flayed ghost

Skill      XL: |  1  2  3  4  5  6  7  8  9 |
---------------+----------------------------+-----
Armour         | 7 9 11 12 13 | 13.9
Dodging        | 5 7 8 9 11 | 11.1
Fighting       | 7 10 11 12 14 | 14.0
Maces & Flails | |  3.0

Action                   |  1- 3 |  4- 6 |  7- 9 || total
-------------------------+-------+-------+-------++-------
Melee: Executioner's axe |     7 |     2 |   102 ||   111
Invok: Berserk           |     1 |     1 |     2 ||     4
       Brothers in Arms  |       |       |     2 ||     2
  Use: Potion            |       |       |     1 ||     1
  Eat: Chunk             |       |       |     2 ||     2
       Ration            |       |       |     1 ||     1
Armor: Gold dragon scale |     6 |     4 |   151 ||   161
Dodge: Dodged            |     2 |     2 |   158 ||   162
